 Dungeon Crawl Stone Soup version 0.25.0-26-g0c896c7088 (webtiles) character file.

Game seed: 469241213111096512

43 xccam the Sneak (level 3, 0/24 HPs)
             Began as an Octopode Assassin on July 2, 2020.
             Slain by a goblin
             ... wielding a +0 dagger
             ... led by Robin
              (3 damage)
             ... on level 2 of the Dungeon.
             The game lasted 00:01:13 (1424 turns).

xccam the Sneak (Octopode Assassin)                 Turns: 1424, Time: 00:01:14

Health: 0/24       AC:  1    Str: 10    XL:     3   Next: 58%
Magic:  3/3        EV: 13    Int: 13    God:
Gold:   45         SH:  0    Dex: 14    Spells: 2/2 levels left

rFire    . . .     SeeInvis .   h - -2 dagger (curse)
rCold    . . .     Gourm    .   (no shield)
rNeg     . . .     Faith    +   (helmet restricted)
rPois    .         Spirit   .   e - amulet of faith
rElec    .         Reflect  .   (no ring)
rCorr    .         Harm     .   (no ring)
MR       .....                  (no ring)
Stlth    ++++......             (no ring)
HPRegen  0.08/turn              (no ring)
MPRegen  0.08/turn              (no ring)
                                (no ring)
                                (no ring)

@: about to teleport
A: almost no armour, stealthy swim, amphibious, 8 rings, constrict 8, camouflage
1, gelatinous body 1
a: no special abilities


You were on level 2 of the Dungeon.
You were hungry.

You visited 1 branch of the dungeon, and saw 2 of its levels.

You collected 45 gold pieces.

Inventory:

Hand Weapons
 a - a +2 dagger
 h - a cursed -2 dagger (weapon)
Missiles
 b - 8 poisoned darts (quivered)
 c - 2 curare-tipped darts
Jewellery
 e - an amulet of faith (around mantle)
Potions
 i - 2 potions of heal wounds {unknown}
Comestibles
 d - 2 rations


   Skills:
 - Level 2.0 Fighting
 + Level 3.8 Short Blades
 - Level 2.0 Throwing
 - Level 1.0 Dodging
 - Level 5.3 Stealth


You had 2 spell levels left.
You didn't know any spells.
Your spell library was empty.

Dungeon Overview and Level Annotations

Branches:
Dungeon (2/15)

Altars:
Dithmenos

Annotations:
D:2 Robin


Innate Abilities, Weirdness & Mutations

You cannot wear most types of armour.
You are very stealthy in the water. (Stealth+)
You are amphibious.
You can wear up to eight rings at the same time.
You can use your tentacles to constrict eight enemies at once.
Your skin changes colour to match your surroundings (Stealth+).
Your rubbery body absorbs attacks. (AC +1, EV +1)


Message History

A hobgoblin comes into view. It is wielding a +0 club.
The goblin hits you but does no damage.
You hit the goblin but do no damage. You grab the goblin.
You squeeze the goblin.
You kill the goblin!
A giant cockroach comes into view.
A goblin comes into view. It is wielding a +0 dagger.
The goblin hits you with a cursed +0 club.
* * * LOW HITPOINT WARNING * * *
The kobold barely misses you.
A goblin comes into view. It is wielding a +0 club.
The goblin closely misses you. The goblin misses you.
Robin throws the goblin at you! The goblin hits you.
* * * LOW HITPOINT WARNING * * *
Unknown command.
As you read the scroll of teleportation, it crumbles to dust.
You feel strangely unstable. The goblin barely misses you.
The goblin hits you but does no damage. The goblin misses you.
The goblin hits you with a +0 dagger.
You die...

. ...r # #r#.# . ...r# #
.# ###.######.#.#. # ..#
......g...gg.g. ## ..#
##@g#.#.#.# .###..# #
#ggg.......
..<...#.#.#####K#g##....
.#..... ......)...#..^...
##.#.##.#.##..#.#.....#.#
........#.#.......#......
.....####.#.#.#.#...#.#.#
............)#...$...)..
...#####..#.#.#.#.#.#.#.#


You could see Robin, a hobgoblin (strong), 7 goblins, a kobold and a rat.

Vanquished Creatures
  2 oozes (D:1)
  2 bats (D:1)
  A giant cockroach (D:1)
  6 goblins
  6 hobgoblins
  4 jackals (D:1)
  2 ball pythons (D:1)
  3 kobolds (D:1)
  5 rats
31 creatures vanquished.

Notes
Turn   | Place    | Note
-------+----------+-------------------------------------------
     0 | D:1      | xccam the Octopode Assassin began the quest for the Orb.
     0 | D:1      | Reached XP level 1. HP: 14/14 MP: 1/1
   260 | D:1      | Reached XP level 2. HP: 19/19 MP: 2/2
   591 | D:1      | Reached XP level 3. HP: 17/24 MP: 3/3
  1371 | D:2      | Found a shadowy altar of Dithmenos.
  1412 | D:2      | Noticed Robin
  1424 | D:2      | Slain by a goblin

Illustrated notes

Levels and vault maps discovered:
D:1:      heliophobic_arrival_battle_scene, layout_basic, minmay_tetromino_o2
D:2:      layout_loops_ring, grunt_dithmenos_smoke, overflow_temple_1_default,
          hangedman_decor_riveting, uniq_robin

Skill      XL: |  1  2 |
---------------+-------+-----
Short Blades   | 3 |  3.8
Fighting       | |  2.0
Throwing       | |  2.0
Dodging        | |  1.0
Stealth        | |  5.3

Action                   || total
-------------------------++-------
Melee: Dagger            ||    76
       Constrict         ||    21
       Tentacles         ||    15
  Use: Scroll            ||     3
 Stab: Sleeping          ||     4
       Distracted        ||     1
  Eat: Chunk             ||     1
Armor: Skin              ||    10
Dodge: Dodged            ||    52
